Map: Ruins of Seras

Players

Shura (Scarlett) - Winner!

  • Race: Zerg Zerg
  • League: Grandmaster

Jona

  • Race: Zerg Zerg

Event: NationWars III

VOD

Have the link to the VOD?

Description

Time

  • Played on: Dec. 10, 2015, 4:06 p.m.
  • Length: 9:46
Show
View Real Time Build Order
Export as new Build Order

Shura Zerg - Winner!

Build Orders: Hatch First 

Get SALT Encoding   

  12  0:01  Drone  
  13  0:12  Overlord  
  13  0:18  Drone  
  14  0:31  Drone x2  
  16  0:37  Drone  
  17  0:49  Drone  
  18  0:56  Hatchery  
  17  1:09  Spawning Pool  
  16  1:14  Drone  
  16  1:16  Drone  
  18  1:21  Extractor  
  17  1:32  Overlord, Drone  
  19  1:57  Zergling x4, Spine Crawler, Queen  
  19  1:58  Spine Crawler  
  21  2:03  Zergling x2  
  21  2:08  Zergling x2  
  23  2:13  Queen  
  25  2:16  Zergling x2  
  26  2:23  Zergling x2  
  26  2:28  Zergling x2  
  27  2:35  Drone, Zergling x2  
  25  2:45  Zergling x2  
  25  2:46  Zergling x2  
  25  2:47  Queen  
  28  2:58  Queen  
  30  3:07  Overlord, Drone  
  31  3:24  Zergling x2  
  31  3:25  Zergling x2  
  30  3:31  Queen  
  32  3:37  Spine Crawler  
  31  3:44  Queen  
  31  3:46  Drone x3  
  36  3:56  Zergling x2  
  36  3:57  Zergling x4  
  39  4:06  Spine Crawler  
  38  4:21  Drone x5  
  43  4:43  Drone x3  
  43  4:45  Overlord x2  
  44  4:47  Extractor  
  44  4:51  Overlord  
  43  4:53  Extractor  
  43  4:59  Drone x2  
  44  5:10  Drone  
  44  5:11  Drone x2  
  44  5:14  Drone x2  
  49  5:23  Drone x2  
  49  5:27  Drone x3  
  54  5:35  Hatchery  
  54  5:38  Drone  
  54  5:39  Drone  
  55  5:49  Roach Warren, Drone x4  
  58  5:50  Metabolic Boost  
  58  6:02  Drone  
  58  6:03  Drone x4  
  63  6:05  Lair  
  63  6:11  Overlord  
  63  6:12  Drone, Extractor x2  
  63  6:17  Drone  
  63  6:18  Drone  
  64  6:23  Drone x2  
  66  6:31  Evolution Chamber, Drone x2  
  66  6:34  Evolution Chamber  
  66  6:37  Drone  
  66  6:38  Overlord x2  
  66  6:41  Pneumatized Carapace  
  66  6:48  Drone  
  66  6:49  Drone x4  
  71  6:58  Roach x3  
  77  7:03  Roach x2  
  77  7:06  Zerg Missile Weapons Level 1  
  81  7:11  Zerg Ground Armor Level 1  
  81  7:13  Glial Reconstitution  
  81  7:18  Roach x3  
  87  7:25  Drone x5  
  87  7:28  Extractor  
  91  7:34  Roach  
  91  7:35  Roach x2  
  97  7:37  Burrow  
  97  7:44  Overlord x2  
  97  7:45  Overlord  
  96  7:59  Overlord x5  
  96  8:12  Roach x9  
  113  8:22  Roach x4  
  121  8:30  Roach  
  123  8:35  Roach x5  
  133  8:43  Roach  
  133  8:44  Roach x4  
  139  8:49  Drone  
  139  8:50  Drone  
  141  8:59  Roach  
  141  9:00  Roach x3  
  149  9:15  Extractor  
  148  9:19  Drone  
  148  9:20  Drone x3  
  148  9:21  Hatchery  
Show
View Real Time Build Order
Export as new Build Order

Jona Zerg 

Build Orders: Pool First, Zergling Baneling 

Get SALT Encoding   

  12  0:00  Drone  
  13  0:22  Spawning Pool  
  13  0:26  Drone  
  13  0:29  Extractor  
  13  0:35  Drone  
  13  0:40  Drone  
  14  0:48  Overlord  
  14  1:10  Zergling x6  
  17  1:15  Queen  
  19  1:22  Zergling x2  
  20  1:30  Metabolic Boost  
  20  1:34  Zergling x2  
  21  1:45  Zergling x2  
  22  1:50  Baneling Nest  
  21  1:58  Overlord  
  21  2:08  Zergling x2  
  22  2:18  Zergling x2  
  21  2:30  Zergling x4  
  21  2:32  Zergling x2  
  21  2:35  Zergling x2  
  23  2:45  Zergling x2  
  24  2:56  Zergling x2  
  24  2:58  Baneling x5  
  25  3:08  Zergling x4  
  25  3:09  Zergling x4  
  24  3:28  Zergling x2  
  24  3:34  Zergling x2  
  25  3:42  Baneling x4  
  25  3:43  Zergling x6  
  28  3:49  Zergling x2  
  29  4:01  Zergling x2  
  30  4:20  Hatchery  
  28  4:28  Drone x2  
  21  4:47  Drone  
  21  4:48  Drone x3  
  21  4:52  Baneling  
  25  4:59  Drone x2  
  27  5:11  Drone  
  27  5:12  Drone  
  29  5:23  Drone  
  30  5:31  Queen  
  30  5:35  Drone x4  
  36  5:42  Overlord  
  35  6:00  Hatchery  
  33  6:06  Drone x3  
  33  6:07  Drone x4  
  40  6:13  Overlord  
  40  6:31  Lair  
  40  6:32  Drone x3, Roach Warren  
  42  6:33  Drone  
  43  6:42  Drone x4  
  47  6:47  Overlord  
  47  6:52  Drone  
  48  7:00  Extractor  
  46  7:01  Extractor  
  46  7:04  Drone x2  
  46  7:05  Evolution Chamber, Drone x3  
  46  7:06  Evolution Chamber  
  48  7:13  Zergling x8  
  51  7:19  Overlord  
  51  7:20  Zergling x2  
  52  7:26  Queen  
  52  7:27  Drone x3  
  57  7:35  Baneling  
  57  7:38  Zerg Missile Weapons Level 1  
  57  7:39  Zerg Ground Armor Level 1  
  57  7:42  Drone x3  
  57  7:43  Extractor  
  59  7:44  Drone x3  
  59  7:49  Drone x3  
  65  7:56  Drone x3  
  65  7:58  Baneling x3  
  67  7:59  Baneling  
  67  8:12  Overlord x4  
  67  8:17  Glial Reconstitution  
  67  8:19  Overlord x2  
  67  8:24  Overseer  
  67  8:30  Overlord  
  67  8:31  Overlord  
  67  8:32  Roach x5  
  77  8:39  Roach x2  
  77  8:40  Roach x2  
  84  8:45  Roach x2  
  84  8:50  Roach x3  
  90  9:00  Roach x6  
  102  9:04  Roach  
  102  9:09  Overlord  
  104  9:11  Overlord  
  103  9:18  Roach x2  
  103  9:19  Roach x3  
  110  9:26  Roach  
Tags
 
Add a new tag
Caveats
  • Supply blocks, unpowered buildings, or Contaminate may cause inaccurate times.
  • Supply counts are checked every 10 seconds.